 Dungeon Crawl Stone Soup version 0.20.1-1-g8b1a95d (webtiles) character file.

10038 JeffiDaFish the Covert (level 11, -1/56 HPs)
             Began as a Spriggan Hunter on Dec 20, 2017.
             Was a Priest of Fedhas.
             Slain by a basilisk (2 damage)
             ... on level 2 of the Lair of Beasts on Dec 21, 2017.
             The game lasted 00:45:08 (15291 turns).

JeffiDaFish the Covert (Spriggan Hunter)           Turns: 15291, Time: 00:45:10

Health: -1/56      AC:  5    Str:  8    XL:     11   Next: 30%
Magic:  12/12      EV:  4    Int: 12    God:    Fedhas [***...]
Gold:   576        SH:  0    Dex: 31    Spells: 10/10 levels left

rFire    + . .     SeeInvis +   n - +2 dagger (speed)
rCold    . . .     Gourm    .   (shield restricted)
rNeg     + + +     Faith    .   o - +0 robe "Vuskiucenk" {rElec Dex+10} (curse)
rPois    ∞         Spirit   .   (helmet restricted)
rElec    +         Reflect  .   y - +2 cloak
rCorr    .         Harm     .   (gloves unavailable)
MR       +....                  (boots unavailable)
Stlth    ++++++....             (no amulet)
Regen    0.2/turn               x - +2 ring of evasion
MPRegen  0.2/turn               l - ring of protection from fire

@: petrified, very quick
A: unfitting armour, see invisible, herbivore 3, speed 3, slow metabolism 2
a: Fungal Bloom, Evolution, Sunlight, Growth, Renounce Religion


You were on level 2 of the Lair of Beasts.
You worshipped Fedhas.
Fedhas was most pleased with you.
You were not hungry.

You visited 3 branches of the dungeon, and saw 13 of its levels.

You collected 618 gold pieces.
You spent 42 gold pieces at shops.

Inventory:

Hand Weapons
 a - a +1 hand crossbow
 i - a +0 blowgun
 n - a +2 dagger of speed (weapon)
Missiles
 d - 23 bolts
 j - 7 poisoned needles
 v - 3 curare-tipped needles
Armour
 c - a +0 robe
 o - the cursed +0 robe "Vuskiucenk" (worn) {rElec Dex+10}
   (You found it on level 5 of the Dungeon)

   It affects your dexterity (+10).
   It insulates you from electricity.
   It has a curse placed upon it.
 y - a +2 cloak (worn)
Jewellery
 e - an uncursed ring of wizardry
 l - a ring of protection from fire (right hand)
 x - a +2 ring of evasion (left hand)
 A - an uncursed ring of protection from cold
Wands
 z - a wand of disintegration (9/24)
Scrolls
 b - 2 scrolls of teleportation
 h - 2 scrolls of recharging
 m - 5 scrolls of identify
 r - 2 scrolls of remove curse
 w - 2 scrolls of amnesia
 B - a scroll of silence {unknown}
Potions
 k - 2 potions of agility
 p - 2 potions of curing
 q - a potion of brilliance
 s - 2 potions of invisibility
Books
 u - a book of Beasts

   Spells                             Type                      Level
   a - Summon Butterflies             Summoning                    1
   b - Call Canine Familiar           Summoning                    3
   c - Summon Ice Beast               Ice/Summoning                4
   d - Summon Mana Viper              Hexes/Summoning              5
   e - Summon Hydra                   Summoning                    7
Comestibles
 f - 5 bread rations
 g - 4 royal jellies
 t - 3 fruits


   Skills:
 - Level 5.8 Fighting
 - Level 7.1 Short Blades
 * Level 8.8 Crossbows
 * Level 7.7 Throwing
 * Level 11.0 Dodging
 * Level 11.4 Stealth


You had 10 spell levels left.
You didn't know any spells.

Dungeon Overview and Level Annotations

Branches:
Dungeon (10/15)            Temple (1/1) D:6            Lair (2/6) D:8
  Swamp: Lair:2-4    Shoals: Lair:2-4     Snake: Lair:2-4    Spider: Lair:2-4
    Orc: D:9-12

Altars:
Ashenzari
Elyvilon
Fedhas
Gozag
Hepliaklqana
Kikubaaqudgha
Makhleb
Nemelex Xobeh
Ru
Uskayaw
Vehumet
Xom
Yredelemnul
Zin
The Shining One

Shops:
D:8 %

Annotations:
D:5 Gorbigon's ghost, novice HOFi


Innate Abilities, Weirdness & Mutations

You are very small and have problems with some larger weapons.
You are too small for most types of armour.
You have supernaturally acute eyesight. (SInv)
You are a herbivore.
You cover ground extremely quickly.
You need consume almost no food.


Message History

The basilisk is severely wounded.
The black mamba bites you!
You are poisoned.
The black mamba poisons you! The basilisk misses you.
You are too injured to fight recklessly!
You are too injured to fight recklessly!
You feel better. The black mamba bites you!
The black mamba completely misses you. The basilisk gazes at you.
You resist with almost no effort. The black mamba bites you!!
* * * LOW HITPOINT WARNING * * *
You have turned to stone.
The black mamba bites you.
* * * LOW HITPOINT WARNING * * *
The basilisk gazes at you. You resist with almost no effort.
The black mamba bites you!
* * * LOW HITPOINT WARNING * * *
The black mamba barely misses you. The basilisk bites you.
You die...
Fedhas appreciates your contribution to the ecosystem.

##...## ##....### #....#
##.....#.# ##..$.#
#...#...## #.....#
#..###...#####....##
##..##.#....##.....P# ###
#......##....P......###.#
#........................
#........@................
#........Sl.........D.....
#..........................
###.#.###.##...............
##.## #####......##...)).
## #......#$..##..
#........####### #......P##


You could see a black mamba and a basilisk.

Vanquished Creatures
  A black mamba (Lair:1)
  3 spiny frogs
  A troll (D:8)
  Grinder (D:6)
  2 hippogriffs (D:8)
  5 blink frogs (Lair:1)
  Eustachio (D:4)
  12 yaks
  A steam dragon (D:8)
  A hungry ghost (D:7)
  A water moccasin (Lair:2)
  A wandering mushroom (Lair:2)
  A porcupine (Lair:1)
  3 orc warriors (D:8)
  A sky beast (D:8)
  2 ice beasts (D:8)
  A phantom (D:4)
  3 black bears
  A necrophage (D:8)
  4 ogres
  9 wolves
  A crocodile (Lair:2)
  Blork the orc (D:4)
  8 bullfrogs
  2 scorpions
  4 howler monkeys
  2 crimson imps
  5 electric eels
  A centaur zombie (D:8)
  13 hounds
  2 centaur skeletons
  8 orc priests
  2 bullfrog skeletons
  2 jellies (D:4)
  Jessica (D:3)
  An iguana (D:7)
  Natasha (thrice) (D:3)
  10 orc wizards
  5 worker ants
  A hound skeleton (D:7)
  A worker ant zombie (D:7)
  8 adders
  7 gnolls
  An adder zombie (D:6)
  A worm (D:3)
  4 dart slugs
  5 leopard geckos
  42 orcs
  A ball python (D:4)
  4 bats
  3 giant cockroaches
  14 goblins
  8 hobgoblins
  13 jackals
  6 quokkas
  A ball python skeleton (D:4)
  2 frilled lizards
  A jackal zombie (D:8)
  14 kobolds
  A leopard gecko skeleton (D:4)
  A leopard gecko zombie (D:6)
  A quokka skeleton (D:9)
  2 rats (D:1)
268 creatures vanquished.

Vanquished Creatures (collateral kills)
  A yak (Lair:2)
  A porcupine (Lair:2)
  A water moccasin (Lair:2)
3 creatures vanquished.

Vanquished Creatures (others)
  2 wandering mushrooms (Lair:2)
  A fungus (Lair:2)
  95 toadstools
98 creatures vanquished.

Grand Total: 369 creatures vanquished

Notes
Turn   | Place    | Note
-------+----------+-------------------------------------------
     0 | D:1      | JeffiDaFish the Spriggan Hunter began the quest for the Orb.
     0 | D:1      | Reached XP level 1. HP: 10/10 MP: 2/2
   131 | D:1      | Reached XP level 2. HP: 14/15 MP: 3/3
   664 | D:1      | Reached XP level 3. HP: 14/18 MP: 4/4
  1086 | D:2      | Reached skill level 5 in Crossbows
  1416 | D:2      | Reached skill level 1 in Short Blades
  1416 | D:2      | Reached XP level 4. HP: 23/23 MP: 5/5
  2387 | D:3      | Noticed Natasha
  2483 | D:3      | Killed Natasha
  2538 | D:3      | Noticed Natasha
  2548 | D:3      | Killed Natasha
  2548 | D:3      | Reached XP level 5. HP: 2/26 MP: 6/6
  2845 | D:3      | Noticed Natasha
  2973 | D:3      | Killed Natasha
  3260 | D:3      | Reached skill level 1 in Throwing
  3860 | D:3      | Noticed Jessica
  3867 | D:3      | Killed Jessica
  4174 | D:4      | Reached XP level 6. HP: 19/31 MP: 7/7
  4324 | D:4      | Noticed Blork the orc
  4342 | D:4      | Killed Blork the orc
  5118 | D:4      | Reached XP level 7. HP: 35/35 MP: 8/8
  5229 | D:4      | Noticed Eustachio
  5257 | D:4      | Killed Eustachio
  5257 | D:4      | Reached skill level 5 in Dodging
  5334 | D:4      | Reached skill level 5 in Stealth
  5709 | D:5      | Entered Level 5 of the Dungeon
  5709 | D:5      | Noticed Gorbigon's ghost (novice HOFi)
  6245 | D:5      | Got a fabulously ornate robe
  6256 | D:5      | Identified the cursed +0 robe "Vuskiucenk" {rElec Dex+10} (You found it on level 5 of the Dungeon)
  7171 | D:5      | Reached XP level 8. HP: 25/40 MP: 9/9
  7346 | D:6      | Noticed Grinder
  7376 | D:6      | Killed Grinder
  7581 | D:6      | Found a staircase to the Ecumenical Temple.
  7587 | Temple   | Entered the Ecumenical Temple
  7628 | Temple   | Became a worshipper of Fedhas Madash
  8665 | D:7      | Reached XP level 9. HP: 44/44 MP: 10/10
  8811 | D:7      | Reached skill level 5 in Throwing
  9043 | D:7      | You fall through a shaft for 3 floors!
  9043 | D:10     | Reached * piety under Fedhas
  9043 | D:10     | Entered Level 10 of the Dungeon
  9074 | D:9      | Noticed a troll
  9274 | D:8      | Noticed a troll
  9465 | D:7      | Found an ancient bone altar of Kikubaaqudgha.
  9465 | D:7      | Found a radiant altar of Vehumet.
  9540 | D:8      | Found Ipu Ixodgh's Food Boutique.
  9562 | D:8      | Bought 2 fruits for 42 gold pieces
  9645 | D:8      | Reached skill level 5 in Short Blades
 10162 | D:8      | Found a staircase to the Lair.
 10246 | D:8      | Reached skill level 5 in Fighting
 10454 | D:8      | Killed a troll
 10568 | D:8      | Reached XP level 10. HP: 51/51 MP: 11/11
 10891 | D:8      | Found a burning altar of Makhleb.
 11387 | D:8      | Reached ** piety under Fedhas
 12351 | Lair:1   | Entered Level 1 of the Lair of Beasts
 12747 | Lair:1   | Reached *** piety under Fedhas
 13127 | Lair:1   | Noticed a spiny frog
 13136 | Lair:1   | Killed a spiny frog
 13412 | Lair:1   | Reached skill level 10 in Stealth
 13540 | Lair:1   | Reached skill level 10 in Dodging
 13545 | Lair:1   | HP: 2/53 [blink frog (14)]
 13804 | Lair:1   | Noticed an oklob plant
 13850 | Lair:1   | Noticed a black mamba
 13877 | Lair:1   | Killed a black mamba
 14061 | Lair:1   | Reached XP level 11. HP: 26/56 MP: 12/12
 14755 | Lair:2   | Noticed a seven-headed hydra
 15290 | Lair:2   | HP: 1/56 [black mamba (5)]
 15291 | Lair:2   | Slain by a basilisk

Skill      XL: |  1  2  3  4  5  6  7  8  9 10 11 |
---------------+----------------------------------+-----
Stealth        | 2 3 4 6 7 9 10 11 | 11.4
Crossbows      | 5 6 7 8 |  8.8
Short Blades   | 1 2 3 4 5 7 |  7.1
Fighting       | 2 3 5 |  5.8
Dodging        | 4 5 7 8 10 11 | 11.0
Throwing       | 1 2 3 4 5 7 |  7.7

Action                   |  1- 3 |  4- 6 |  7- 9 | 10-12 || total
-------------------------+-------+-------+-------+-------++-------
Melee: Short sword       |    43 |       |       |       ||    43
       Rapier            |    29 |    62 |       |       ||    91
       Dagger            |       |    34 |   316 |   233 ||   583
 Fire: Hand crossbow     |    43 |    45 |   197 |   231 ||   516
       Blowgun           |       |    96 |   166 |   186 ||   448
Invok: Fungal Bloom      |       |       |     4 |    23 ||    27
       Evolution         |       |       |       |     3 ||     3
  Use: Scroll            |     4 |     5 |     6 |     4 ||    19
       Potion            |     1 |     2 |     5 |     3 ||    11
 Stab: Sleeping          |     3 |     7 |    12 |     7 ||    29
       Distracted        |       |       |     4 |     1 ||     5
       Confused          |       |       |       |     1 ||     1
  Eat: Royal jelly       |       |       |     2 |       ||     2
       Bread ration      |       |       |     1 |     1 ||     2
Armor: Robe              |    12 |     7 |    23 |    13 ||    55
Dodge: Dodged            |    70 |    95 |   406 |   404 ||   975
